Map: Dusk Towers

Players

Pokebunny - Winner!

  • Race: Terran Terran
  • League: Grandmaster

Voltz

  • Race: Zerg Zerg
  • League: Grandmaster

VOD

Have the link to the VOD?

Description

Time

  • Played on: April 5, 2016, 1:12 a.m.
  • Length: 13:14
Show
View Real Time Build Order
Export as new Build Order

Pokebunny Terran - Winner!

Build Orders: Command Center First (CC), Liberator Opening, Bio Tank 

Get SALT Encoding   

  12  0:01  SCV  
  13  0:13  SCV  
  14  0:17  Supply Depot  
  14  0:25  SCV  
  15  0:39  SCV  
  16  0:51  SCV  
  17  1:00  Command Center  
  17  1:03  SCV  
  18  1:15  Barracks  
  18  1:18  SCV  
  19  1:24  Refinery  
  19  1:35  SCV  
  20  1:47  SCV  
  21  2:02  Orbital Command, Marine  
  22  2:12  Orbital Command  
  22  2:20  Command Center  
  22  2:29  SCV  
  23  2:33  Factory  
  23  2:41  Refinery, SCV  
  23  2:42  SCV  
  25  2:46  Barracks Reactor  
  25  3:01  SCV x2  
  27  3:13  SCV x2  
  29  3:22  Supply Depot  
  29  3:26  Hellion  
  29  3:27  Hellion  
  33  3:30  Starport, SCV x2  
  33  3:32  Barracks Tech Lab  
  33  3:33  Orbital Command  
  35  3:42  SCV x2  
  37  3:51  Hellion x2, Engineering Bay  
  37  3:53  Liberator  
  37  3:54  Engineering Bay  
  41  3:56  Refinery x2  
  41  3:59  Marine, Stimpack  
  41  4:01  SCV  
  41  4:02  SCV  
  44  4:06  SCV  
  48  4:25  Barracks  
  48  4:26  Barracks  
  48  4:27  Factory Reactor, SCV x2  
  48  4:29  SCV  
  51  4:39  Marine  
  51  4:42  Terran Infantry Armor Level 1, SCV, Terran Infantry Weapons Level 1  
  51  4:43  SCV x2  
  51  4:44  Supply Depot  
  55  4:50  Supply Depot  
  53  5:02  Marine  
  53  5:04  Starport Reactor  
  53  5:06  Orbital Command  
  54  5:10  SCV x2  
  54  5:11  Factory Tech Lab  
  54  5:12  Barracks x2  
  56  5:16  Marine x2  
  56  5:20  Marine  
  59  5:21  Marine x2  
  59  5:24  Supply Depot  
  59  5:26  SCV  
  59  5:27  SCV  
  63  5:34  Siege Tank  
  66  5:36  SCV  
  66  5:38  SCV  
  66  5:39  SCV  
  66  5:40  Supply Depot  
  69  5:44  Armory, Medivac x2  
  69  5:49  SCV  
  74  5:51  SCV x2  
  74  5:55  Supply Depot  
  76  5:58  Marine x2  
  76  5:59  Marine x3  
  76  6:01  Barracks Reactor x2  
  81  6:11  Siege Tank  
  84  6:18  SCV x3  
  86  6:23  Supply Depot  
  87  6:25  Supply Depot  
  87  6:35  Marine x4  
  87  6:36  Combat Shields, Marine  
  87  6:39  Terran Infantry Weapons Level 2, Terran Infantry Armor Level 2  
  89  6:40  Marine x4  
  89  6:42  SCV  
  89  6:43  Refinery, Siege Tank, SCV x2  
  89  6:44  Refinery  
  89  6:46  Supply Depot  
  99  6:53  Marine x3  
  102  6:57  Barracks  
  102  6:59  Barracks  
  102  7:01  Barracks  
  102  7:02  SCV x3  
  102  7:04  Factory  
  105  7:18  Marine x2  
  100  7:25  Marine  
  100  7:26  Marine x4  
  103  7:30  Siege Tank, Marine  
  103  7:31  Marine  
  103  7:32  SCV x3  
  103  7:35  Marine  
  103  7:36  Marine  
  113  7:37  Supply Depot  
  113  7:41  Supply Depot  
  113  7:44  SCV x3  
  114  7:46  Medivac x2  
  114  7:49  Supply Depot  
  114  7:50  Supply Depot  
  120  7:52  Supply Depot  
  120  7:59  Marine x3  
  120  8:00  Marine x4, Marauder  
  120  8:03  Siege Tank  
  132  8:06  Barracks Reactor, Barracks Tech Lab x2  
  132  8:07  Factory Tech Lab  
  132  8:08  Marine  
  133  8:13  Supply Depot x3  
  133  8:17  Marine  
  133  8:21  Marauder  
  133  8:25  Marine  
  133  8:26  Marine x6, Marauder  
  132  8:28  Concussive Shells  
  132  8:31  Marauder  
  132  8:32  Siege Tank  
  136  8:36  Siege Tank  
  136  8:38  Supply Depot x2  
  139  8:43  Marauder  
  141  8:54  Medivac x2  
  137  9:02  Marine x2, Marauder  
  126  9:03  Marine x2, Marauder  
  128  9:14  Siege Tank x2  
  128  9:15  Marine x2, Marauder  
  128  9:16  Marine x2  
  140  9:23  Marauder  
  141  9:26  Terran Infantry Weapons Level 3, Marine x2, Terran Infantry Armor Level 3  
  141  9:27  Marauder  
  141  9:30  Command Center  
  145  9:32  Refinery  
  145  9:36  Medivac  
  143  9:52  Marine x2, Marauder x2  
  136  9:53  Marine x6, Marauder  
  136  9:54  Medivac  
  144  10:06  Medivac  
  128  10:07  Marine  
  128  10:08  Liberator, Marine  
  128  10:10  Marine x2  
  128  10:11  Marine x2  
  128  10:14  Marauder  
  136  10:18  Liberator, Marine x2  
  136  10:19  Marauder  
  137  10:31  Siege Tank  
  137  10:48  Marine x2, Marauder  
  137  10:49  Marine, Marauder  
  126  10:52  Marine  
  126  10:53  Liberator, Marine x6, Marauder  
  126  10:56  Siege Tank  
  132  10:59  Starport  
  132  11:06  Marine x2  
  132  11:07  Marine  
  132  11:09  Marine  
  132  11:10  Liberator, Marauder  
  139  11:28  Marine x2, Marauder  
  139  11:29  Marine x8, Marauder  
  139  11:32  Refinery  
  156  11:33  Planetary Fortress  
  156  11:39  Liberator  
  155  11:47  Marine, Marauder  
  155  11:50  Marauder  
  139  11:57  Marine x8, Marauder  
  139  12:00  Ghost Academy  
  152  12:09  Marauder  
  151  12:17  Marine  
  151  12:18  Marine x5, Marauder x2  
  161  12:23  Marine x2  
  161  12:24  Marine x2  
  161  12:27  Siege Tank x2  
  171  12:30  Marauder  
  171  12:35  Marine  
  173  12:47  Starport Tech Lab  
  173  12:51  Fusion Core  
  175  12:56  Refinery  
Show
View Real Time Build Order
Export as new Build Order

Voltz Zerg 

Build Orders: Hatch First 

Get SALT Encoding   

  12  0:00  Drone  
  13  0:12  Overlord  
  13  0:17  Drone  
  14  0:30  Drone x2  
  14  0:34  Drone  
  17  0:51  Hatchery  
  17  0:54  Drone  
  17  0:57  Drone  
  18  1:09  Extractor  
  17  1:13  Spawning Pool  
  17  1:15  Drone  
  17  1:18  Drone  
  18  1:29  Drone  
  19  1:38  Overlord  
  19  1:49  Drone  
  20  1:59  Queen  
  20  2:00  Zergling x2  
  23  2:03  Zergling x2, Queen  
  26  2:08  Metabolic Boost  
  26  2:11  Drone  
  26  2:14  Drone  
  28  2:22  Drone  
  29  2:25  Drone  
  30  2:32  Drone  
  31  2:38  Drone, Queen  
  34  2:44  Overlord  
  34  2:52  Hatchery  
  34  2:54  Drone  
  34  2:56  Drone  
  35  2:59  Drone  
  35  3:02  Pneumatized Carapace  
  36  3:06  Overlord  
  36  3:09  Drone  
  36  3:10  Drone  
  38  3:13  Drone  
  38  3:17  Drone  
  38  3:19  Drone  
  41  3:23  Drone x3  
  41  3:27  Overlord  
  44  3:36  Roach Warren  
  44  3:39  Drone, Extractor  
  44  3:40  Drone, Extractor  
  43  3:42  Drone  
  43  3:43  Drone  
  45  3:51  Drone  
  45  3:52  Drone  
  45  3:53  Drone x2  
  45  3:54  Drone x3  
  52  3:59  Lair  
  52  4:04  Overlord  
  52  4:07  Queen  
  54  4:10  Evolution Chamber  
  54  4:15  Evolution Chamber  
  52  4:24  Queen  
  52  4:25  Drone  
  52  4:26  Extractor  
  52  4:27  Drone x4  
  59  4:31  Drone x3  
  60  4:43  Roach x5  
  70  4:50  Zerg Ground Armor Level 1  
  70  5:05  Zerg Missile Weapons Level 1  
  70  5:07  Glial Reconstitution  
  70  5:08  Drone x3  
  70  5:12  Overlord x2  
  70  5:13  Overlord  
  73  5:19  Infestation Pit  
  72  5:30  Drone x3  
  72  5:32  Ravager x2  
  72  5:34  Ravager  
  75  5:38  Drone  
  75  5:39  Drone x5, Spore Crawler x2  
  75  5:40  Drone x4  
  84  5:50  Drone x5  
  86  6:19  Overlord x2  
  86  6:20  Overlord  
  86  6:22  Drone x3  
  88  6:27  Drone  
  88  6:28  Drone x5  
  88  6:30  Hive  
  94  6:43  Extractor x2  
  94  6:44  Roach x4  
  100  6:47  Roach x4  
  100  6:49  Roach  
  110  6:55  Infestor x2  
  110  7:01  Overlord  
  114  7:07  Zergling x4  
  116  7:10  Zergling x2  
  116  7:11  Zergling x6  
  120  7:29  Hatchery  
  119  7:37  Infestor  
  119  7:38  Drone x4  
  119  7:39  Drone x5  
  119  7:41  Zerg Ground Armor Level 2  
  119  7:42  Zerg Melee Weapons Level 1  
  130  7:47  Hatchery, Spore Crawler  
  130  7:49  Spore Crawler  
  130  7:50  Spore Crawler  
  126  7:52  Spine Crawler  
  125  7:59  Roach x2  
  125  8:01  Overlord x9  
  129  8:08  Extractor  
  129  8:10  Extractor  
  127  8:15  Zergling x6  
  127  8:18  Ultralisk Cavern  
  124  8:25  Roach  
  124  8:26  Roach x9  
  129  8:34  Ravager  
  129  8:35  Ravager x5  
  129  8:38  Roach x3  
  141  8:42  Queen  
  141  8:44  Queen  
  143  9:00  Roach x2  
  143  9:01  Roach x3  
  127  9:03  Roach x3  
  127  9:04  Roach x6  
  127  9:09  Chitinous Plating  
  145  9:15  Ultralisk  
  149  9:27  Ultralisk  
  149  9:28  Zergling x12  
  146  9:51  Ultralisk  
  146  9:52  Ultralisk  
  145  9:53  Zergling x22  
  145  9:54  Zergling x2  
  125  10:07  Ultralisk  
  125  10:11  Ultralisk  
  125  10:13  Zergling x12  
  141  10:19  Zergling x2  
  141  10:20  Zergling x8  
  137  10:21  Evolution Chamber  
  131  10:28  Infestor  
  131  10:29  Infestor  
  118  10:47  Ultralisk  
  108  10:54  Zergling x20  
  108  10:55  Zergling x14  
  108  10:56  Queen  
  121  11:09  Zergling x10  
  126  11:17  Queen  
  128  11:25  Infestor  
  121  11:26  Ultralisk  
  121  11:28  Drone x3  
  121  11:29  Drone  
  131  11:37  Drone x2, Nydus Network  
  114  11:59  Ultralisk x2, Spire  
  123  12:05  Zergling x10  
  123  12:06  Zergling x2  
  128  12:14  Ultralisk  
  132  12:31  Zergling x20  
Tags
 
Add a new tag
Caveats
  • Supply blocks, unpowered buildings, or Contaminate may cause inaccurate times.
  • Supply counts are checked every 10 seconds.